Map: Terrasses de Prion

Players

zidar

  • Race: Zerg Zerg
  • League: Silver
  • Spawn Location: 11:00

Tempest - Winner!

  • Race: Protoss Protoss
  • Spawn Location: 5:00

VOD

Have the link to the VOD?

Description

Time

  • Played on: Jan. 3, 2016, 3:03 p.m.
  • Length: 14:05
Show
View Real Time Build Order
Export as new Build Order

zidar Zerg 

Build Orders: Hatch First 

Get SALT Encoding   

  12  0:02  Drone  
  13  0:12  Overlord  
  13  0:17  Drone  
  14  0:30  Drone x2  
  14  0:34  Drone  
  17  0:52  Hatchery  
  17  0:55  Drone  
  17  1:15  Spawning Pool  
  17  1:18  Extractor, Drone x2  
  16  1:24  Drone  
  18  1:50  Hatchery  
  18  1:51  Drone  
  18  2:15  Drone x4  
  22  2:25  Queen  
  23  2:34  Queen  
  25  2:41  Metabolic Boost  
  25  2:46  Drone  
  25  2:47  Drone  
  25  2:50  Drone  
  28  3:16  Queen  
  28  3:19  Queen  
  32  3:21  Queen  
  34  3:31  Overlord x2  
  34  3:41  Roach Warren  
  33  3:44  Extractor  
  32  3:53  Overlord x2  
  32  3:55  Drone x3  
  35  4:15  Zergling x8  
  35  4:16  Zergling x8  
  43  4:25  Evolution Chamber  
  43  4:26  Drone  
  43  4:32  Drone x3  
  46  4:56  Drone x11  
  57  5:13  Zerg Melee Weapons Level 1  
  57  5:16  Lair  
  57  5:42  Extractor  
  56  5:45  Extractor  
  56  5:49  Extractor  
  54  5:50  Extractor  
  47  6:34  Spore Crawler  
  47  6:37  Spore Crawler  
  45  6:41  Queen  
  45  6:42  Spore Crawler  
  45  6:46  Roach  
  58  6:47  Roach x5  
  58  6:50  Overlord x3  
  58  6:51  Overlord  
  58  6:52  Overlord x3  
  58  7:08  Queen  
  60  7:27  Hydralisk Den  
  59  7:36  Evolution Chamber  
  58  7:45  Drone x8  
  66  8:17  Roach x6  
  66  8:18  Roach x7, Hydralisk  
  66  8:19  Hydralisk x6  
  106  8:27  Zerg Ground Armor Level 1  
  106  8:29  Zerg Melee Weapons Level 2  
  106  8:46  Overlord  
  106  8:47  Overlord x2  
  106  9:08  Hydralisk  
  106  9:09  Hydralisk x11  
  116  9:14  Muscular Augments  
  130  9:24  Overlord x3  
  130  9:47  Zergling x18  
  130  9:48  Zergling x14  
  146  10:08  Hydralisk x4  
  146  10:12  Overlord x4  
  146  10:13  Overlord  
  154  10:28  Hatchery  
  153  10:40  Roach x6  
  153  10:41  Roach, Hydralisk  
  169  10:43  Zergling x2  
  169  10:44  Zergling x10  
  175  11:02  Zerg Ground Armor Level 2  
  175  11:04  Zerg Missile Weapons Level 1  
  175  11:08  Infestation Pit  
  172  11:37  Overlord  
  172  11:38  Overlord x2  
  170  11:57  Overlord x3  
  139  12:21  Hydralisk  
  139  12:22  Hydralisk x15  
  118  12:25  Hydralisk  
  80  12:45  Hydralisk  
  80  12:46  Hydralisk x4  
  80  12:49  Overseer  
  90  12:52  Hydralisk  
  90  12:54  Hydralisk  
  88  13:13  Hydralisk  
  88  13:14  Hydralisk x3  
Show
View Real Time Build Order
Export as new Build Order

Tempest Protoss - Winner!

Build Orders: Carriers 

Get SALT Encoding   

  12  0:01  Probe (Chrono Boost)  
  13  0:13  Probe (Chrono Boost)  
  14  0:19  Pylon  
  14  0:23  Probe (Chrono Boost)  
  15  0:38  Probe (Chrono Boost)  
  15  0:41  Gateway  
  16  0:49  Probe (Chrono Boost)  
  17  1:04  Gateway  
  17  1:08  Probe (Chrono Boost)  
  17  1:10  Assimilator  
  18  1:17  Assimilator  
  19  1:18  Probe (Chrono Boost)  
  19  1:29  Probe (Chrono Boost)  
  20  1:32  Cybernetics Core  
  20  1:37  Pylon  
  20  1:43  Probe (Chrono Boost)  
  21  1:53  Probe (Chrono Boost)  
  22  2:04  Probe (Chrono Boost)  
  23  2:10  Adept  
  23  2:11  Adept  
  23  2:14  Probe (Chrono Boost)  
  28  2:32  Nexus  
  28  2:44  Pylon  
  28  3:03  Mothership Core (Chrono Boost)  
  28  3:04  Pylon  
  30  3:06  Stalker x2  
  34  3:29  Protoss Air Weapons Level 1  
  34  3:38  Stargate  
  34  3:55  Probe (Chrono Boost)  
  35  3:59  Assimilator  
  35  4:05  Probe (Chrono Boost)  
  36  4:10  Probe (Chrono Boost)  
  36  4:11  Assimilator  
  36  4:16  Probe (Chrono Boost)  
  38  4:20  Sentry  
  38  4:21  Probe (Chrono Boost)  
  41  4:26  Probe (Chrono Boost)  
  42  4:31  Probe (Chrono Boost)  
  42  4:33  Fleet Beacon  
  42  4:37  Probe (Chrono Boost)  
  44  4:42  Probe (Chrono Boost)  
  45  4:46  Forge  
  45  4:47  Probe (Chrono Boost)  
  46  4:55  Pylon  
  46  5:03  Probe (Chrono Boost)  
  47  5:13  Probe (Chrono Boost)  
  54  5:23  Probe  
  55  5:29  Stargate  
  55  5:31  Carrier (Chrono Boost)  
  55  5:34  Probe  
  56  5:37  Protoss Air Weapons Level 2 (Chrono Boost)  
  56  5:46  Probe  
  56  5:47  Photon Cannon  
  57  5:50  Photon Cannon  
  57  5:52  Photon Cannon  
  57  5:58  Probe  
  69  6:55  Carrier (Chrono Boost)  
  69  7:02  Carrier (Chrono Boost)  
  69  7:21  Pylon  
  69  7:32  Graviton Catapult  
  69  7:34  Pylon  
  69  7:38  Pylon  
  69  7:45  Pylon  
  69  7:51  Pylon  
  69  7:57  Pylon  
  69  8:05  Mothership  
  75  8:06  Photon Cannon  
  75  8:08  Photon Cannon  
  75  8:11  Photon Cannon  
  75  8:16  Photon Cannon  
  75  8:18  Photon Cannon  
  75  8:21  Carrier (Chrono Boost), Phoenix (Chrono Boost)  
  77  8:29  Anion Pulse-Crystals  
  77  8:35  Protoss Shields Level 1  
  77  8:42  Phoenix (Chrono Boost)  
  85  9:04  Phoenix (Chrono Boost)  
  87  9:10  Protoss Air Weapons Level 3  
  93  9:44  Phoenix (Chrono Boost)  
  95  9:46  Carrier (Chrono Boost)  
  95  9:53  Zealot x2  
  99  10:06  Phoenix (Chrono Boost)  
  101  10:15  Pylon  
  101  10:18  Pylon  
  101  10:20  Zealot x2  
  105  10:27  Twilight Council  
  117  10:47  Zealot x2  
  121  10:58  Carrier (Chrono Boost)  
  121  11:01  Carrier (Chrono Boost)  
  121  11:14  Zealot x2  
  125  11:41  Zealot x2  
Tags
 
Composition
Carriers
League
Silver
Matchup
PvZ
Spawn Locations
Cross Positions
Add a new tag
Caveats
  • Supply blocks, unpowered buildings, or Contaminate may cause inaccurate times.
  • Supply counts are checked every 10 seconds.